 Dungeon Crawl Stone Soup version 0.18-a0-775-g4d9e04e (webtiles) character file.

18 Kolbur the Cutter (level 2, 0/19 HPs)
             Began as a Kobold Berserker on Dec 13, 2015.
             Was a Follower of Trog.
             Slain by a bat (1 damage)
             ... on level 1 of the Dungeon.
             The game lasted 00:02:23 (137 turns).

Kolbur the Cutter (Kobold Berserker)                 Turns: 137, Time: 00:02:23

Health: 0/19       AC:  2    Str: 15    XL:     2   Next: 85%
Magic:  2/2        EV: 15    Int:  5    God:    Trog [*.....]
Gold:   11         SH:  0    Dex: 15    Spells: 0 memorised, 1 level left

rFire  . . .     SeeInvis .     a - +0 short sword
rCold  . . .     Clarity  .     b - +0 animal skin
rNeg   . . .     SustAt   .     (shield restricted)
rPois  .         Gourm    .     (no helmet)
rElec  .         Spirit   .     (no cloak)
rCorr  .         Dismiss  .     (no gloves)
rMut   .         Stasis   .     (no boots)
MR     .....                    (no amulet)
Stlth  ++........               (no ring)
                                (no ring)

@: exhausted, slowed, very slow, not resistant to hostile enchantments,
unstealthy
A: carnivore 3
a: Berserk, Burn Spellbooks, Renounce Religion


You were on level 1 of the Dungeon.
You worshipped Trog.
Trog was aware of your devotion.
You were not hungry.

You visited 1 branch of the dungeon, and saw 1 of its levels.

You collected 11 gold pieces.

Inventory:

Hand Weapons
 a - a +0 short sword (weapon)
 d - a +0 dagger
Missiles
 k - a stone (quivered)
Armour
 b - a +0 animal skin (worn)
 h - a +0 leather armour
Scrolls
 g - a scroll of remove curse {unknown}
 j - a scroll of recharging {unknown}
Potions
 e - a potion of might {unknown}
 f - 2 potions of lignification {unknown}
 i - a potion of resistance {unknown}
Comestibles
 c - a meat ration


   Skills:
 - Level 3.2 Fighting
 + Level 4.6 Short Blades
 - Level 1.5 Armour
 - Level 2.4 Dodging
 + Level 2.2 Stealth


You had one spell level left.
You didn't know any spells.

Dungeon Overview and Level Annotations

Branches:
Dungeon (1/15)

Altars:


Innate Abilities, Weirdness & Mutations

You are small and have problems with some larger weapons.
You are carnivorous and can eat meat at any time.


Message History

The kobold barely misses you.
A bat comes into view.
You closely miss the kobold. The kobold hits you with a short sword.
* * * LOW HITPOINT WARNING * * *
The kobold hits you with a short sword.
* * * LOW HITPOINT WARNING * * *
You hit the kobold but do no damage. The bat closely misses you.
The kobold hits you with a short sword.
* * * LOW HITPOINT WARNING * * *
You hit the kobold but do no damage. The bat barely misses you.
The bat misses you. The kobold hits you but does no damage. The bat misses you.
You hit the kobold.
The kobold is moderately wounded.
The bat hits you but does no damage. The kobold hits you with a short sword.
* * * LOW HITPOINT WARNING * * *
The kobold hits you but does no damage.
You hit the kobold but do no damage.
The kobold is moderately wounded.
The bat hits you.
You die...

... ###..... ..#..... .
#.#...... ... #.#......
## #.######..# .... #.
..#...b#....##...... #.
.......K@............ #.
...............#.... ##.
.......[..........#####..
..............#..##......
#............##..+.....8.
#..#...##......†(##.[....
#.....# #####..(..#####..
.... ##.(##......##.
##...........##.


You could see a bat and a kobold.

Vanquished Creatures
  A gnoll (D:1)
  A bat (D:1)
  3 hobgoblins (D:1)
  A giant newt (D:1)
  A kobold (D:1)
7 creatures vanquished.

Notes
Turn   | Place    | Note
--------------------------------------------------------------
     0 | D:1      | Kolbur the Kobold Berserker began the quest for the Orb.
     0 | D:1      | Reached XP level 1. HP: 14/14 MP: 1/1
    22 | D:1      | Reached skill level 1 in Stealth
    22 | D:1      | Reached XP level 2. HP: 9/19 MP: 2/2
   137 | D:1      | Slain by a bat

Vault maps used:
D:1:      evilmike_arrival_plus, serial_bayou_pond_d

Action                   || total
-------------------------++-------
Melee: Short sword       ||    29
Invok: Berserk           ||     2
  Eat: Chunk             ||     2

Vault maps used:
D:1:      evilmike_arrival_plus, serial_bayou_pond_d

Table legend:
 A = Turns spent in this place as a percentage of turns spent in the entire game.
 B = Non-inter-level travel turns spent in this place as a percentage of non-inter-level travel turns spent in the entire game.
 C = Inter-level travel turns spent in this place as a percentage of turns spent in this place.
 D = Turns resting spent in this place as a percentage of non-inter-level travel turns spent in this place.
 E = Turns spent auto-exploring this place as a percentage of non-inter-level travel turns spent in this place.
 F = Non-inter-level travel turns spent in this place divided by the number of levels of this place that you've seen.
                   A       B       C       D       E      F
               +-------+-------+-------+-------+-------+----------------------
         Total | 100.0 | 100.0 |   0.0 |   1.5 |   0.0 | 137.0
       Dungeon | 100.0 | 100.0 |   0.0 |   1.5 |   0.0 | 137.0
               +-------+-------+-------+-------+-------+----------------------
